[Event "GrandPrix_29.05"]
[Site "Chess.com"]
[Date "2020.05.29"]
[Round "2"]
[White "chess_big_master"]
[Black "aleksandrovaleksei"]
[Result "0-1"]
[WhiteElo "2080"]
[BlackElo "2470"]
[TimeControl "600+2"]
[EndTime "9:51:38 PDT"]
[Termination "aleksandrovaleksei won by resignation"]

1. d4 Nf6 2. Nf3 d5 3. c4 e6 4. Nc3 Nbd7 5. Bg5 Bb4 6. Qb3 c5 7. cxd5 exd5 8. e3 Qa5 9. Rc1 c4 10. Qc2 Ne4 11. Be2 Qxa2 12. O-O Bxc3 13. bxc3 Qxc2 14.
Rxc2 Nb6 15. Ra1 Bd7 16. Bf4 Na4 17. Ne5 Nexc3 18. Nxd7 Kxd7 19. Bg4+ Kc6 20. Ra3 b5 21. Rcxc3 Nxc3 22. Rxc3 a5 23. e4 dxe4 24. f3 Kd5 25.
Be5 f6 26. fxe4+ Kxe4 27. Bf3+ Kf5 28. Bxa8 Rxa8 29. Bd6 Ke4 30. Bc5 Kd5 31. Kf2 b4 32.
Rc1 c3 33. Ke2 Kc4 34. Kd1 b3 35. Ba3 Kd3 36. Ra1 Rb8 37. d5 b2 38. Bxb2 cxb2 39. Rb1 a4 0-1

[Event "GrandPrix_29.05"]
[Site "Chess.com"]
[Date "2020.05.29"]
[Round "2"]
[White "MirMan90"]
[Black "SavelievAlexei"]
[Result "1-0"]
[WhiteElo "2701"]
[BlackElo "2304"]
[TimeControl "600+2"]
[EndTime "9:51:42 PDT"]
[Termination "MirMan90 won by resignation"]

1. e4 c5 2. Nf3 e6 3. d4 cxd4 4. Nxd4 a6 5. Nc3 Qc7 6. Bd3 Nf6 7. f4 d6 8. Qe2 Nbd7 9. O-O Be7 10. Kh1 b6 11.
Bd2 Bb7 12. Rae1 Qc5 13. Nb3 Qh5 14. Rf3 Nc5 15. Qf1 Nxd3 16. cxd3 h6 17. Rh3 Qg6 18. Nd4 Ng4 19. Qe2 h5 20. Nf3 h4 21. d4 Rc8 22.
d5 Rxc3 23. Bxc3 a5 24. Qb5+ Kf8 25. Qxb6 Nf2+ 26. Qxf2 1-0

[Event "GrandPrix_29.05"]
[Site "Chess.com"]
[Date "2020.05.29"]
[Round "2"]
[White "kirillshevchenko"]
[Black "cukus"]
[Result "1-0"]
[WhiteElo "2777"]
[BlackElo "2205"]
[TimeControl "600+2"]
[EndTime "9:51:46 PDT"]
[Termination "kirillshevchenko won by checkmate"]

1. e4 c6 2. d4 d5 3. e5 Bf5 4.
h4 h6 5. g4 Bd7 6. c4 h5 7.
gxh5 e6 8. Nc3 Ne7 9. Bg5 Qb6 10. c5 Qc7 11. Bd3 Nf5 12. Bxf5 exf5 13. Nh3 Be6 14. Nf4 Be7 15. Nxe6 fxe6 16. Ne2 Nd7 17. Bxe7 Kxe7 18. Nf4 Kf7 19. Rg1 Rh7 20. Qf3 b6 21. Rg6 bxc5 22. Nxe6 Qa5+ 23. Kf1 Nf8 24. Ng5+ Kg8 25. Nxh7 Kxh7 26. Qxf5 Nxg6 27. hxg6+ Kg8 28. Qh5 Qd8 29. Qh7+ Kf8 30. Qh8+ Ke7 31. Qxg7+ Ke6 32. Qf7# 1-0

[Event "GrandPrix_29.05"]
[Site "Chess.com"]
[Date "2020.05.29"]
[Round "2"]
[White "Salnaa"]
[Black "TimofeevAr"]
[Result "0-1"]
[WhiteElo "2135"]
[BlackElo "2456"]
[TimeControl "600+2"]
[EndTime "9:51:49 PDT"]
[Termination "TimofeevAr won by resignation"]

1. d4 Nf6 2. c4 g6 3. Nc3 d5 4.
Nf3 Bg7 5. Qb3 e6 6. cxd5 exd5 7. Bf4 O-O 8. e3 c6 9. Be2 Nbd7 10. h3 Re8 11.
O-O Nf8 12. Rfc1 Ne6 13. Bg3 Bf8 14. a3 Bd6 15. Bxd6 Qxd6 16. Qc2 a5 17. Na4 Ng7 18. Nc5 Qe7 19. b4 Bf5 20. Qb2 axb4 21. axb4 Rxa1 22.
Rxa1 b6 23. Nd3 Bxd3 24. Bxd3 Ne6 25. Qc3 c5 26. bxc5 bxc5 27. dxc5 Nxc5 28. Ra5 Nxd3 29. Qxd3 Qb4 30. Ra1 Rb8 31. Qd4 Qxd4 32. Nxd4 Ne4 33. Nc6 Rb2 34. f3 Nc3 35. Ra5 Kg7 36. Ne7 Rd2 37. Rc5 Rd3 38. Kf2 Kf8 39. Rc7 Nd1+ 40. Ke2 Rxe3+ 41. Kxd1 Rxe7 42. Rc8+ Kg7 43. Rd8 Re5 44.
Kd2 h5 45. g3 Kf6 46. Kd3 Ke7 47. Kd4 Rf5 48. Rxd5 Rxf3 49. Rg5 Kf6 50. h4 Rf5 0-1

[Event "GrandPrix_29.05"]
[Site "Chess.com"]
[Date "2020.05.29"]
[Round "2"]
[White "Saxar85"]
[Black "tsaruk_maks"]
[Result "1-0"]
[WhiteElo "2673"]
[BlackElo "2202"]
[TimeControl "600+2"]
[EndTime "9:51:50 PDT"]
[Termination "Saxar85 won by resignation"]

1. Nf3 Nf6 2. g3 d5 3. Bg2 e6 4. O-O c5 5. c4 Nc6 6. cxd5 exd5 7. d4 h6 8. Nc3 Be6 9. b3 b6 10. Ba3 Ne4 11. Bb2 f5 12. dxc5 bxc5 13. Nh4 Kf7 14. e3 Nf6 15. Rc1 g5 16. Nxd5 Bxd5 17. Bxf6 Kxf6 18.
Bxd5 gxh4 19. Bxc6 Qxd1 20. Rfxd1 Rc8 21. Bd7 Rd8 22. Rd5 hxg3 23. hxg3 Rh7 24. Rcd1 Re7 25. Bxf5 Rxd5 26. Rxd5 Re5 27. Rxe5 Kxe5 28. Bd3 Bg7 29. f4+ Kd6 30. g4 Bc3 31. Kf2 Bf6 32. Bc4 1-0

[Event "GrandPrix_29.05"]
[Site "Chess.com"]
[Date "2020.05.29"]
[Round "2"]
[White "Dyadya81"]
[Black "Y0ung_Capablanca"]
[Result "1-0"]
[WhiteElo "2527"]
[BlackElo "2339"]
[TimeControl "600+2"]
[EndTime "9:51:51 PDT"]
[Termination "Dyadya81 won by resignation"]

1. e4 c6 2. d4 d5 3. e5 c5 4. dxc5 e6 5. Bd3 Nd7 6. Bf4 Nxc5 7. Nf3 Ne7 8. O-O Ng6 9. Bg3 Be7 10. Nc3 Bd7 11. Re1 O-O 12. Bf1 Qb6 13. Rb1 Rac8 14. h4 Rfd8 15. h5 Nf8 16. h6 Ng6 17. Qc1 Bc6 18.
Nd4 Ne4 19. Nxc6 Bg5 20. Qd1 Qxc6 21. Nxe4 dxe4 22. Qg4 Bxh6 23. c3 e3 24. fxe3 Qc5 25. Qe4 Rd5 26. c4 Rd7 27. b4 Qc7 28. Rbd1 Rcd8 29. Rd6 Bg5 30. c5 Be7 31. Bb5 Bxd6 32. exd6 Qc8 33. Rd1 a6 34. Ba4 e5 35. a3 Re8 36.
Rc1 b5 37. Bc2 Rxd6 38. cxd6 1-0

[Event "GrandPrix_29.05"]
[Site "Chess.com"]
[Date "2020.05.29"]
[Round "2"]
[White "Supernotar"]
[Black "KJakubowski"]
[Result "0-1"]
[WhiteElo "2140"]
[BlackElo "2472"]
[TimeControl "600+2"]
[EndTime "9:51:55 PDT"]
[Termination "KJakubowski won by checkmate"]

1. d4 Nf6 2. c4 e6 3. Nf3 d5 4. e3 Nbd7 5. Nbd2 b6 6. Bd3 Bb7 7. O-O Be7 8. b3 O-O 9. Bb2 c5 10. Qe2 cxd4 11. Nxd4 Nc5 12. Bc2 dxc4 13. Nxc4 Qd5 14. f3 Rfd8 15. Rfd1 Qg5 16. Rac1 Nd5 17. Kh1 Bf6 18. e4 Nf4 19. Qf1 Ncd3 20. Nxe6 fxe6 21.
Bxd3 Rxd3 22. Rxd3 Nxd3 23. Qxd3 Bxb2 24. Rd1 Ba6 25. Qd7 Bxc4 26. bxc4 Qe5 27. Rd6 Ba3 28. Rd1 Bc5 29. h3 a5 30. Qc6 Rf8 31. Rd7 h5 32. Qb7 Qa1+ 33. Kh2 Qg1+ 34. Kg3 Bf2# 0-1

[Event "GrandPrix_29.05"]
[Site "Chess.com"]
[Date "2020.05.29"]
[Round "2"]
[White "Keks2017"]
[Black "Vesper2018"]
[Result "1-0"]
[WhiteElo "2461"]
[BlackElo "1786"]
[TimeControl "600+2"]
[EndTime "9:52:02 PDT"]
[Termination "Keks2017 won by resignation"]

1. e4 c5 2. d3 Nc6 3. g3 g6 4.
Bg2 Bg7 5. f4 d6 6. Nf3 e6 7.
O-O Nge7 8. c3 O-O 9. Be3 b6 10. Bf2 f5 11. Re1 h6 12. Na3 d5 13. exd5 exd5 14. d4 c4 15. Ne5 Nxe5 16. dxe5 Be6 17.
Nb5 Qd7 18. Nd4 Rfd8 19. Qd2 Rac8 20. Rad1 b5 21. Nxe6 Qxe6 22. Bxa7 Ra8 23. Bc5 Rxa2 24. Ba3 Kh7 25. Qc2 Ra8 26. Qb1 R2xa3 27. bxa3 Qb6+ 28. Kh1 Rxa3 29. Qb4 Qa7 30. Qxb5 Rxc3 31. Bxd5 Rc2 32. Bg2 Qf2 33. Rg1 c3 34. Qb7 Qc5 35. Rd7 Rb2 36.
Qc7 Qxc7 37. Rxc7 c2 38. Rxe7 Rb1 39. Rc7 1-0

[Event "GrandPrix_29.05"]
[Site "Chess.com"]
[Date "2020.05.29"]
[Round "2"]
[White "fm_magua"]
[Black "Sakkcapak"]
[Result "1/2-1/2"]
[WhiteElo "1775"]
[BlackElo "2113"]
[TimeControl "600+2"]
[EndTime "9:52:10 PDT"]
[Termination "Game drawn by repetition"]

1. e4 e6 2. d3 d5 3. Nd2 Nf6 4.
g3 c5 5. Bg2 Nc6 6. Ngf3 Be7 7.
O-O O-O 8. e5 Nd7 9. Re1 Qc7 10. Qe2 b5 11. Nf1 a5 12. h4 Ba6 13.
Bf4 Rfc8 14. Ne3 Nf8 15. c3 b4 16. a3 bxc3 17. bxc3 a4 18. Ng4 Qa5 19. Qd2 Qb5 20.
Bf1 Na5 21. Bg5 Nb3 22. Qf4 Ng6 23. Qe3 Nxa1 24. Rxa1 d4 25. cxd4 cxd4 26. Nxd4 Qb2 27. Bxe7 Nxe7 28. Re1 Nd5 29. Qe4 Bb7 30. Nf3 Ne7 31. Qf4 Ng6 32. Qe3 Bxf3 33. Qxf3 Rab8 34. h5 Nf8 35. h6 Qb7 36. Qe3 Ng6 37. hxg7 h5 38. Nf6+ Kxg7 39. Nxh5+ Kf8 40. Qh6+ Ke7 41. Qg5+ Kf8 42. Bg2 Qc7 43. d4 Qc3 44. Re3 Qxd4 45. Qh6+ Ke7 46. Qg5+ Kf8 47. Qh6+ Ke7 48. Qg5+ Kf8 1/2-1/2

[Event "GrandPrix_29.05"]
[Site "Chess.com"]
[Date "2020.05.29"]
[Round "2"]
[White "TheFireChess"]
[Black "Fandorine"]
[Result "0-1"]
[WhiteElo "2241"]
[BlackElo "2606"]
[TimeControl "600+2"]
[EndTime "9:52:15 PDT"]
[Termination "Fandorine won by resignation"]

1. e4 c5 2. c3 Nf6 3. e5 Nd5 4. Nf3 e6 5. Bc4 Nb6 6. Bb3 d6 7. O-O Nc6 8. exd6 Bxd6 9. d4 O-O 10. Bg5 f6 11. Be3 cxd4 12. Nxd4 Nxd4 13. Qxd4 Qc7 14. f4 Kh8 15. Rd1 Be7 16. Nd2 Rd8 17. Qe4 Nd5 18.
Bxd5 Rxd5 19. Nb3 Rxd1+ 20. Rxd1 Bd7 21. Nd4 Bc5 22. Nxe6 Bxe6 23. Qxe6 Qc6 24. Qh3 Re8 25. Bxc5 Qxc5+ 26. Kh1 Qf2 27. Rg1 Qxf4 28. Qd7 Qe4 29. h3 h5 30. Rd1 Kh7 31. Qd5 Qe2 32. Rd2 Qf1+ 33. Kh2 Re5 34. Qf3 Qxf3 35. gxf3 h4 36. Kg2 Rg5+ 37. Kf2 Rg3 38. Rd7 Rxh3 39. Kg2 Rg3+ 40. Kf2 Rg6 41. Rd4 h3 42. Rh4+ Rh6 43. Rxh6+ Kxh6 44. Kg3 Kg5 45. Kxh3 Kf4 46. Kg2 Ke3 47. Kg3 Kd3 48. Kf4 g6 49. c4 Kxc4 50. Ke4 Kc5 51. f4 Kc4 52. Ke3 Kd5 53. Kd3 a5 54. b3 b5 55. a3 a4 56. bxa4 bxa4 0-1

[Event "GrandPrix_29.05"]
[Site "Chess.com"]
[Date "2020.05.29"]
[Round "2"]
[White "redblizzard"]
[Black "SergeyVashchilov"]
[Result "1-0"]
[WhiteElo "1864"]
[BlackElo "2105"]
[TimeControl "600+2"]
[EndTime "9:52:15 PDT"]
[Termination "redblizzard won by resignation"]

1. e4 e6 2. d4 d5 3. Nc3 Bb4 4. e5 Qd7 5. Qg4 f5 6. Qh5+ Qf7 7. Qxf7+ Kxf7 8. Nf3 h6 9. h4 g6 10. Bd2 Bxc3 11.
bxc3 b6 12. c4 c6 13. cxd5 cxd5 14. c4 Ne7 15. Rc1 Ba6 16. Be2 Bxc4 17. Bxc4 dxc4 18. Rxc4 Nbc6 19. Ke2 Ke8 20. Rhc1 Kd7 21. d5 exd5 22.
e6+ Kc7 23. Rxc6+ Nxc6 24. Nd4 Kb7 25. Rxc6 Rac8 26. Rd6 Rcd8 27. Rxd8 Rxd8 28. Bxh6 Re8 29. Kf3 b5 30. Kf4 Kb6 31. Ke5 Kc5 32. Be3 Kc4 33. g3 a5 34. Kf6 b4 35. Kf7 Ra8 36. e7 a4 37. e8=Q Rxe8 38. Kxe8 Kc3 39. Nc6 b3 40. axb3 axb3 41. Bd4+ Kc4 42. Kd7 Kd3 43. Ke6 Ke2 44.
Kf6 b2 45. Bxb2 Kxf2 46. Be5 1-0

[Event "GrandPrix_29.05"]
[Site "Chess.com"]
[Date "2020.05.29"]
[Round "2"]
[White "Promacherr"]
[Black "Tokarev_Sergey"]
[Result "1-0"]
[WhiteElo "2204"]
[BlackElo "2016"]
[TimeControl "600+2"]
[EndTime "9:52:33 PDT"]
[Termination "Promacherr won by resignation"]

1. d4 e6 2. e4 d5 3. Nd2 c5 4. exd5 exd5 5. Ngf3 Nf6 6. Be2 Be7 7. O-O O-O 8. dxc5 Bxc5 9. Nb3 Bb6 10. Nfd4 Nc6 11.
Bf3 a5 12. a4 Ne4 13. Be3 Ne5 14. Be2 Nd6 15. Nd2 Qf6 16. b3 Bd7 17. c3 Rac8 18. Rc1 Nf5 19. Nxf5 Bxf5 20. Bxb6 Qxb6 21. Nf3 Nxf3+ 22.
Bxf3 Rfd8 23. Bxd5 Be6 24. c4 Bxd5 25. cxd5 Rxc1 26.
Qxc1 Qxb3 27. d6 Qxa4 28. Qc7 Qd7 29. Rc1 g6 30. Qxa5 Qxd6 31. h3 b6 32. Qb5 Qf4 33. Rb1 Rd6 34. g3 Qf3 35. Re1 Rd1 36.
Qe8+ Kg7 37. Qe5+ Kh6 38. Rxd1 Qxd1+ 39. Kg2 Qd2 40. h4 Qc1 41. g4 Qc6+ 42. Kg3 Qe6 43.
g5+ Kh5 44. Qf4 Qf5 45. Qd4 1-0

[Event "GrandPrix_29.05"]
[Site "Chess.com"]
[Date "2020.05.29"]
[Round "2"]
[White "AvitalBor"]
[Black "JonahWillow"]
[Result "1-0"]
[WhiteElo "2640"]
[BlackElo "2258"]
[TimeControl "600+2"]
[EndTime "9:52:35 PDT"]
[Termination "AvitalBor won by resignation"]

1. e4 c5 2. c3 Nf6 3. e5 Nd5 4. d4 cxd4 5. cxd4 g6 6. Nf3 Bg7 7. h4 h6 8. h5 g5 9. Bc4 Nb6 10. Bb3 d6 11. exd6 Qxd6 12. Nc3 O-O 13. Qd3 Nc6 14.
Nb5 Qd8 15. Bxg5 Bg4 16. Bxh6 e6 17. Bxg7 Kxg7 18. h6+ Kh8 19. Qe4 Bf5 20. Qf4 Nb4 21.
O-O Bd3 22. Nd6 Qe7 23. Ng5 Bg6 24. Qe5+ f6 25. Qxe6 Qxe6 26. Nxe6 Rg8 27. Nf4 1-0

[Event "GrandPrix_29.05"]
[Site "Chess.com"]
[Date "2020.05.29"]
[Round "2"]
[White "Micki-taryan"]
[Black "ly4o"]
[Result "1-0"]
[WhiteElo "2512"]
[BlackElo "2032"]
[TimeControl "600+2"]
[EndTime "9:52:41 PDT"]
[Termination "Micki-taryan won by resignation"]

1. d4 Nf6 2. Nf3 e6 3. c4 Bb4+ 4. Bd2 Qe7 5. Nc3 b6 6. g3 Bb7 7.
Bg2 O-O 8. O-O d5 9. cxd5 exd5 10.
a3 Bxc3 11. Bxc3 Re8 12. e3 Nbd7 13. b4 Ne4 14. Bb2 c6 15. Ne1 a5 16. Nd3 axb4 17. Nxb4 Nd6 18. a4 Nc4 19. Bc3 Nxe3 20. Nxc6 Bxc6 21.
fxe3 Qxe3+ 22. Kh1 Qxc3 23. Rc1 Qb4 24. Rxc6 Nf6 25.
Rcxf6 gxf6 26. Bxd5 Rad8 27. Qg4+ Kh8 28. Qh4 Qf8 29. Bc6 Re6 30. d5 Red6 31. Qb4 Qe7 32. Qxb6 Qe4+ 33. Kg1 f5 34. Qf2 Rb8 35. Qxf5 Qxf5 36.
Rxf5 Kg7 37. a5 Rb1+ 38. Rf1 Rb2 39. Ra1 Rh6 40. a6 Rhxh2 41. d6 Ra2 42. Rd1 Rh3 43. d7 Rxg3+ 44. Kf1 Rg6 45. d8=Q Rf6+ 46. Qxf6+ Kxf6 47. Bb5 h5 48. Rd7 Ra5 49. a7 Ke6 50. Rb7 Kd6 51. Rb6+ 1-0

[Event "GrandPrix_29.05"]
[Site "Chess.com"]
[Date "2020.05.29"]
[Round "2"]
[White "Warerman"]
[Black "Gabix_94"]
[Result "0-1"]
[WhiteElo "2116"]
[BlackElo "2462"]
[TimeControl "600+2"]
[EndTime "9:52:45 PDT"]
[Termination "Gabix_94 won on time"]

1. d4 Nf6 2. Nf3 g6 3. g3 Bg7 4. Bg2 O-O 5. O-O d6 6. b3 c5 7.
Bb2 cxd4 8. Nxd4 d5 9. c4 e5 10.
Nc2 d4 11. e3 d3 12. Nb4 e4 13.
Nd2 a5 14. Nd5 Nxd5 15. Bxg7 Nxe3 16. fxe3 Kxg7 17. Nxe4 Nc6 18. Qd2 Bf5 19. c5 Bxe4 20. Bxe4 Ne5 21. Bxb7 Ra7 22. Bg2 Qe7 23. Rac1 f6 24.
a3 Rb8 25. b4 axb4 26. axb4 Ra4 27. Rb1 Qe6 28. b5 Ra2 29. Qc3 Rc2 30. Qd4 Qa2 0-1

[Event "GrandPrix_29.05"]
[Site "Chess.com"]
[Date "2020.05.29"]
[Round "2"]
[White "Khayala13"]
[Black "PlayChessSimple"]
[Result "0-1"]
[WhiteElo "2017"]
[BlackElo "2306"]
[TimeControl "600+2"]
[EndTime "9:52:47 PDT"]
[Termination "PlayChessSimple won by resignation"]

1. e4 e6 2. d4 d5 3. Nd2 Nf6 4. e5 Nfd7 5. Bd3 c5 6. c3 Nc6 7.
Ne2 cxd4 8. cxd4 Nb6 9. Nf3 h6 10. O-O Bd7 11. Ng3 Rc8 12. Be3 Nb4 13. Be2 Nc4 14.
Qb3 Na5 15. Qd1 Nc4 16. Ne1 Nxb2 17. Qb3 Nc4 18. a3 Nc6 19. Bxc4 Na5 20. Qb1 Nxc4 21.
Nd3 Qb6 22. Qe1 Bxa3 23. Nh5 Rg8 24. f4 Qb3 25. Rd1 Ba4 26. f5 Qxd1 27. fxe6 fxe6 28. Qg3 Qxh5 29. Nf4 Qg5 30. Qh3 Qf5 31. g4 Qe4 32.
Rf3 Nxe3 33. Qh5+ g6 0-1

[Event "GrandPrix_29.05"]
[Site "Chess.com"]
[Date "2020.05.29"]
[Round "2"]
[White "MAS_1704"]
[Black "Didici"]
[Result "0-1"]
[WhiteElo "2029"]
[BlackElo "2382"]
[TimeControl "600+2"]
[EndTime "9:52:50 PDT"]
[Termination "Didici won on time"]

1. d4 Nf6 2. Nf3 b6 3. Bf4 Bb7 4. e3 g6 5. c4 Bg7 6. Nc3 Ne4 7.
Nxe4 Bxe4 8. Bd3 Bxd3 9. Qxd3 c5 10. O-O cxd4 11. exd4 O-O 12. Rfe1 Re8 13. Be5 Bxe5 14. dxe5 Qc7 15. Rad1 Rd8 16. e6 f6 17. Qd5 Qc6 18. exd7+ Qxd5 19. Rxd5 Kf7 20. Red1 a6 21. b4 Ra7 22. Kf1 Rdxd7 23. Ke2 Rac7 24. Rxd7 Nxd7 25. Rc1 e5 26. Nd2 f5 27. Nf1 Ke6 28. f3 g5 29.
Ne3 Nf6 30. Kd3 Rd7+ 31. Ke2 f4 32. Nf1 e4 33. c5 bxc5 34. Rxc5 e3 35. Rxg5 Nd5 36.
Nxe3 Nc3+ 37. Kf2 Rd2+ 0-1

[Event "GrandPrix_29.05"]
[Site "Chess.com"]
[Date "2020.05.29"]
[Round "2"]
[White "elohunter1999"]
[Black "igorkovalenko"]
[Result "0-1"]
[WhiteElo "2144"]
[BlackElo "2086"]
[TimeControl "600+2"]
[EndTime "9:52:53 PDT"]
[Termination "igorkovalenko won by resignation"]

1. e4 c5 2. Nf3 e6 3. d4 cxd4 4. Nxd4 Nf6 5. Nc3 Nc6 6. Nxc6 bxc6 7. e5 Nd5 8. Ne4 Bb7 9. Be2 c5 10. O-O Qc7 11. Nd6+ Bxd6 12. exd6 Qc6 13. Bf3 c4 14.
Qd4 O-O 15. Bf4 f6 16. Rad1 Rfc8 17. c3 Qb6 18. Qxb6 axb6 19. a3 Bc6 20. Bg3 b5 21. Bxd5 Bxd5 22. h4 Rc5 23. Rfe1 Bc6 24. f3 Kf7 25.
Bf4 Rh5 26. Bg3 Rg8 27. Kf2 Rf5 28. Re3 g5 29. Rh1 g4 30. Rd1 h5 31. Bh2 Bb7 32. f4 g3+ 33. Bxg3 Rg4 34. Kg1 Rc5 35. Rd4 Kg6 36. Bf2 Kf5 37. g3 Rc8 38. Kf1 Rg7 39. Ke1 Bd5 40. Kd2 Rc6 41. Kc1 Rxd6 42. Rd2 Ra6 43. Re1 Be4 44. Bd4 d5 45. Re3 Ra8 46. Re1 Rxg3 47. Rf2 Rag8 48. Kd2 Rd3+ 49.
Kc1 Rh3 50. Rff1 Rxh4 51. Rg1 Rgg4 52. Rxg4 hxg4 53. Rg1 Rh3 54. Kd2 g3 55. Ke3 g2+ 56.
Kf2 Rf3+ 57. Ke2 Rxf4 58. Be3 Rh4 0-1

[Event "GrandPrix_29.05"]
[Site "Chess.com"]
[Date "2020.05.29"]
[Round "2"]
[White "IriBu"]
[Black "Lion_DL"]
[Result "1-0"]
[WhiteElo "2052"]
[BlackElo "1881"]
[TimeControl "600+2"]
[EndTime "9:52:53 PDT"]
[Termination "IriBu won by resignation"]

1. e4 c5 2. Nf3 Nc6 3. d4 cxd4 4. Nxd4 e5 5. Nb5 d6 6. c4 Be7 7. N1c3 a6 8. Na3 Nf6 9. Bd3 O-O 10. O-O Be6 11.
Nc2 Rc8 12. Nd5 Ne8 13. Be3 Bg5 14. Qe2 f5 15. exf5 Bxf5 16. Bxf5 Rxf5 17. Rad1 Bxe3 18. Ncxe3 Rf7 19. Nc2 Qg5 20. Rd3 Nd8 21. Rg3 Qh4 22. Rg4 Qh6 23. f4 Nc6 24. fxe5 Rxf1+ 25. Qxf1 dxe5 26.
Nce3 Qe6 27. h3 Nd4 28. b3 b5 29. Qf2 Rd8 30. Rg5 Rd7 31. Kh2 h6 32. Rg4 Rf7 33. Qh4 Nf5 34. Nxf5 Qxf5 35. Qd8 Qe6 36. Re4 bxc4 37. bxc4 Rd7 38. Qb8 Kh7 39. Rxe5 Qd6 40. Qxe8 1-0

[Event "GrandPrix_29.05"]
[Site "Chess.com"]
[Date "2020.05.29"]
[Round "2"]
[White "Meizon19"]
[Black "sahidi"]
[Result "1-0"]
[WhiteElo "2237"]
[BlackElo "1992"]
[TimeControl "600+2"]
[EndTime "9:53:00 PDT"]
[Termination "Meizon19 won by checkmate"]

1. e4 e5 2. Nf3 Nc6 3. Nc3 Nf6 4. Be2 Bc5 5. Nxe5 Nxe5 6. d4 Bd6 7. dxe5 Bxe5 8. Nb5 O-O 9. f4 Nxe4 10. Qd5 Qh4+ 11.
g3 Nxg3 12. hxg3 Qxg3+ 13. Kd1 Bf6 14. Qd3 Qxd3+ 15. Bxd3 h6 16. Nxc7 Rb8 17. Nd5 Bd8 18. Be3 b6 19. Kd2 Bb7 20. c4 Re8 21. Bd4 Kf8 22. Rag1 f6 23. Bf5 Bc6 24. Rh3 b5 25.
Bc5+ Kg8 26. Rxh6 bxc4 27. Rhg6 Ba5+ 28. Kc1 Re1+ 29. Rxe1 Bxe1 30. Nxf6+ Kf7 31. Ng4 Rb5 32. Ne5+ Kg8 33. Bd4 Rd5 34. Nxc6 Kf7 35. Ne5+ Ke8 36. Bxd7+ Kf8 37. Re6 g5 38. Ng6+ Kf7 39. Rf6+ Kg8 40.
Ne7+ Kg7 41. Nxd5 g4 42. Bxg4 c3 43. Re6+ Kh7 44. Bf5+ Kg8 45. Re8+ Kf7 46. Re7+ Kf8 47. Bg7+ Kg8 48. Nf6# 1-0

[Event "GrandPrix_29.05"]
[Site "Chess.com"]
[Date "2020.05.29"]
[Round "2"]
[White "Igrok3069"]
[Black "payto1"]
[Result "1-0"]
[WhiteElo "2499"]
[BlackElo "2176"]
[TimeControl "600+2"]
[EndTime "9:53:07 PDT"]
[Termination "Igrok3069 won by resignation"]

1. d4 Nf6 2. Nf3 b6 3. c4 Bb7 4. Nc3 e6 5. a3 d5 6. Qc2 Be7 7. cxd5 Nxd5 8. Bd2 O-O 9. e4 Nxc3 10. Bxc3 Nd7 11.
Rd1 Qc8 12. Bd3 Ba6 13. O-O c6 14. Bxa6 Qxa6 15. d5 cxd5 16. exd5 exd5 17. Rxd5 Rad8 18. Re1 Bf6 19. Ng5 Bxg5 20. Rxg5 g6 21. Rd5 Nc5 22. Rxd8 Rxd8 23. Qd2 Qd3 24. Qh6 Ne6 25. h4 Nd4 26. Qg5 Kg7 27. Qxd8 1-0

[Event "GrandPrix_29.05"]
[Site "Chess.com"]
[Date "2020.05.29"]
[Round "2"]
[White "crazyboy26"]
[Black "imdvb6307"]
[Result "1-0"]
[WhiteElo "2201"]
[BlackElo "1705"]
[TimeControl "600+2"]
[EndTime "9:53:11 PDT"]
[Termination "crazyboy26 won by resignation"]

1. e4 Nc6 2. Bb5 Nf6 3. d3 d5 4. e5 Nd7 5. Nf3 e6 6. O-O a6 7. Bxc6 bxc6 8. Re1 c5 9. c4 Be7 10. Nc3 d4 11. Ne4 Bb7 12. Bf4 a5 13. Nfd2 O-O 14. Qg4 Kh8 15. Qg3 Rg8 16. Qh3 g5 17. Bg3 Rg6 18. Qg4 Kg7 19. Nf3 Qh8 20. Nf6 Nxf6 21.
exf6+ Bxf6 22. Ne5 Bxe5 23. Bxe5+ f6 24. Bxc7 f5 25. Qe2 Qe8 26. Qe5+ Kf7 27. Qxc5 Rc8 28. Qb6 e5 29. Qxb7 Qd7 30. Rxe5 Rc6 1-0

[Event "GrandPrix_29.05"]
[Site "Chess.com"]
[Date "2020.05.29"]
[Round "2"]
[White "OparinGrigoriy"]
[Black "VMikhalevski"]
[Result "1-0"]
[WhiteElo "2387"]
[BlackElo "2316"]
[TimeControl "600+2"]
[EndTime "9:53:13 PDT"]
[Termination "OparinGrigoriy won on time"]

1. Nf3 Nf6 2. g3 d5 3. Bg2 c6 4. O-O Bg4 5. c4 e6 6. cxd5 exd5 7. d3 Nbd7 8. Nc3 Bc5 9. Qb3 Bb6 10. Na4 O-O 11.
Nxb6 axb6 12. Qc2 Re8 13. b3 Qe7 14. Re1 Qc5 15. Qb1 b5 16. Bb2 b4 17. Nd4 Ne5 18. h3 Bd7 19. e4 Ng6 20. f4 Nh5 21. Kh2 Nhxf4 22. gxf4 Nxf4 23. e5 Qe7 24. Qc2 Qh4 25. Nf3 Qh5 26. Ng1 Bf5 27. Qd2 Nxd3 28. Re3 Nxb2 29.
Qxb2 Qh4 30. Rf1 Bg6 31. Ne2 Qg5 32. Nf4 d4 33. Qxd4 Rxa2 34. Rff3 Rd8 35. Qxb4 Rc2 36. Rg3 Qh4 37. e6 fxe6 38. Rg4 Qf2 39. Qe7 Rf8 40. Nxe6 1-0

[Event "GrandPrix_29.05"]
[Site "Chess.com"]
[Date "2020.05.29"]
[Round "2"]
[White "Hakob-Hakobyan-Arm"]
[Black "ehrenfeld"]
[Result "0-1"]
[WhiteElo "2101"]
[BlackElo "2138"]
[TimeControl "600+2"]
[EndTime "9:53:19 PDT"]
[Termination "ehrenfeld won by resignation"]

1. Nf3 f5 2. d3 d6 3. e4 e5 4. Nc3 Nc6 5. d4 fxe4 6. Nxe4 d5 7. Nc3 e4 8. Ne5 Nxe5 9. dxe5 Be6 10. f3 exf3 11.
Qxf3 Qd7 12. Bb5 c6 13. Bd3 Bc5 14. Bg5 Ne7 15. Qh5+ g6 16. Qh6 O-O-O 17. O-O-O Bd4 18. Bf6 Bxc3 19. Bxh8 Bxb2+ 20. Kxb2 Rxh8 21. Qg7 Rg8 22. Qf6 d4 23. Rhf1 Nd5 24. Qf3 Ne3 25. Rde1 Nxf1 26.
Rxf1 Qd5 27. Qxd5 Bxd5 28. Rf4 c5 29. Rh4 Rg7 30. Be4 Bxe4 31. Rxe4 Kd7 32. Kb3 Ke6 33. Kc4 b6 34. Kb5 Kd5 35. Re2 Re7 36. Rf2 Rxe5 37. Rf7 Re2 38. Rxh7 Rxg2 39. Rxa7 Rxc2 40. Kxb6 Rb2+ 41.
Kc7 d3 42. Ra6 c4 43. a4 c3 44. a5 c2 45. Rd6+ Ke4 46. Rc6 d2 47. a6 c1=Q 0-1

[Event "GrandPrix_29.05"]
[Site "Chess.com"]
[Date "2020.05.29"]
[Round "2"]
[White "tianachess"]
[Black "LorisinoC"]
[Result "1/2-1/2"]
[WhiteElo "2093"]
[BlackElo "2216"]
[TimeControl "600+2"]
[EndTime "9:53:21 PDT"]
[Termination "Game drawn by agreement"]

1. d4 d5 2. c4 e6 3. Nc3 c5 4. cxd5 cxd4 5. Qxd4 Nc6 6. Qd1 exd5 7. Qxd5 Bd7 8. Bg5 Nf6 9. Bxf6 Qxf6 10. O-O-O O-O-O 11. Nf3 Be6 12. Qg5 Be7 13. Rxd8+ Rxd8 14. Qxf6 Bxf6 15. e3 Bxc3 16. bxc3 Bxa2 17. Bb5 Rd6 18. Rd1 Rxd1+ 19. Kxd1 Bd5 20. Bd3 a5 21. e4 Be6 22. Nd4 Bd7 23. Nxc6 Bxc6 24. f4 b5 25. g3 Kc7 26. Kc2 Kb6 27.
Kb3 f6 28. Bb1 Kc5 29. Bd3 Be8 30. Ka3 b4+ 31. cxb4+ axb4+ 32. Kb3 Bf7+ 33. Kb2 Kd4 34. Bc2 Ke3 35. e5 fxe5 36. fxe5 Kd4 37. Bxh7 g6 38. e6 Bxe6 39. Bxg6 Ke3 40. h4 Kf3 41. h5 Bg8 42. h6 Kxg3 1/2-1/2

[Event "GrandPrix_29.05"]
[Site "Chess.com"]
[Date "2020.05.29"]
[Round "2"]
[White "Martin_Petrov2000"]
[Black "vpantev"]
[Result "0-1"]
[WhiteElo "2291"]
[BlackElo "2416"]
[TimeControl "600+2"]
[EndTime "9:53:22 PDT"]
[Termination "vpantev won by resignation"]

1. e4 c5 2. Nf3 Nc6 3. d4 cxd4 4. Nxd4 e5 5. Nb5 d6 6. c4 Be7 7. N1c3 a6 8. Na3 Be6 9. Nc2 Bg5 10. Bd3 Bxc1 11. Rxc1 Nf6 12. O-O O-O 13. Qd2 Qb6 14. Nd5 Bxd5 15. exd5 Nd4 16. Ne3 a5 17.
Kh1 Rfe8 18. Bb1 Rac8 19. Rce1 Qb4 20. Qc3 b5 21. a3 Qxc3 22. bxc3 Nb3 23. Nf5 Rcd8 24.
cxb5 g6 25. Ne3 Rc8 26. c4 Nd2 27. Bd3 Nxf1 28. Rxf1 Nd7 29. g4 Nc5 30. Bc2 f6 31. Kg2 Kg7 32. h4 Rf8 33. Rh1 Rce8 34. f3 e4 35. f4 f5 36. g5 h6 37. gxh6+ Kxh6 38. Kg3 Kg7 39. Rb1 Rb8 40. Rh1 Rh8 41. Bd1 Kf6 42.
Rg1 Rh7 43. Be2 Rbh8 44. Ng2 Ke7 45. Rh1 Kd7 46. Ne3 Kc7 47. Rh2 Kb6 48. Rh3 Nb3 49. h5 Nd4 50. Bd1 gxh5 51. Kf2 h4 52. Ke1 Rg7 53.
Kd2 Rg3 54. Rh2 h3 55. Be2 Rhg8 56. Ke1 Rxe3 0-1